 Dungeon Crawl Stone Soup version 0.29-a0-819-g94b489e0ae (webtiles) character file.

Game seed: 16758615706067940572

58 Garessta the Scratcher (level 3, 0/16 HPs)
             Began as a Felid Transmuter on July 6, 2022.
             Killed from afar by Natasha (9 damage)
             ... with a magic dart
             ... on level 2 of the Dungeon.
             The game lasted 00:04:01 (1521 turns).

Garessta the Scratcher (Felid Transmuter)           Turns: 1521, Time: 00:04:02

Health: 0/16       AC:  1    Str:  6    XL:     3   Next: 75%
Magic:  7/7        EV: 14    Int: 14    God:
Gold:   51         SH:  0    Dex: 18    Spells: 3/6 levels left
                                        Lives:  0   Deaths: 0

rFire   . . .      SeeInvis +     - Unarmed
rCold   . . .      Faith    .   (shield unavailable)
rNeg    . . .      Spirit   .   (body armour unavailable)
rPois   .          Reflect  .   (helmet unavailable)
rElec   .          Harm     .   (cloak unavailable)
rCorr   .          Rampage  .   (gloves unavailable)
Will    .....                   (boots unavailable)
Stlth   +.........              (no amulet)
HPRegen 0.05/turn               (no ring)
MPRegen 0.10/turn               (no ring)

@: confused, appendages (expiring), ambrosia-drunk, wereblooded (expiring),
grasped by roots, constricted, quick
A: horns 2, very small, claws 1, fangs 3, see invisible, speed 1, shaggy fur 1,
stealthy paws, no weapons or thrown items, no armour, multi-lived
a: End Transformation


You were on level 2 of the Dungeon.
You had temporarily grown beastly horns.
You visited 1 branch of the dungeon, and saw 2 of its levels.

You collected 51 gold pieces.

Inventory:

Scrolls
 b - 2 scrolls of torment {unknown}
 c - a scroll of amnesia {unknown}
 g - 2 scrolls of identify {unknown}
 i - a scroll of fog {unknown}
 j - 2 scrolls of blinking {unknown}
 k - a scroll of vulnerability {unknown}
Potions
 a - a potion of lignification
 d - 2 potions of ambrosia
 e - a potion of haste {unknown}
 f - a potion of degeneration {unknown}
 h - a potion of attraction {unknown}


   Skills:
 + Level 2.6 Fighting
 - Level 2.6 Dodging
 + Level 3.9 Unarmed Combat
 - Level 2.0 Spellcasting
 - Level 2.1 Transmutations


You had 3 spell levels left.
You knew the following spells:

 Your Spells              Type           Power      Damage    Failure   Level
a - Beastly Appendage     Tmut           14%        N/A       10%         1
b - Wereblood             Tmut           7%         N/A       14%         2

Your spell library contained the following spells:

 Spells                   Type           Power      Damage    Failure   Level
 Spider Form              Tmut/Pois      4%         N/A       41%         3
 Ice Form                 Ice/Tmut       4%         N/A       83%         4


Dungeon Overview and Level Annotations

Branches:
Dungeon (2/15)

Altars:

Annotations:
D:2 Natasha


Innate Abilities, Weirdness & Mutations

You have temporarily grown beastly horns.
You have sharp claws.
You have razor-sharp teeth.
You have supernaturally acute eyesight. (SInv)
You cover ground quickly. (Speed+)
You are covered in fur. (AC +1)
Your paws help you pounce on unaware monsters.
You are incapable of wielding weapons or throwing items.
You cannot wear armour.
You gain extra lives every three experience levels.


Message History

You scratch the hobgoblin.
The hobgoblin is almost dead.
The hobgoblin hits you.
You barely miss the hobgoblin. You headbutt the hobgoblin.
You feel a bit better.
You kill the hobgoblin!
The dart slug launches a dart at you. The slug dart hits you.
You see here a hobgoblin corpse.
You claw the dart slug! You headbutt the dart slug.
You feel a bit better.
You kill the dart slug!
You see here a hobgoblin corpse.
Your horns disappear.
You see here a hobgoblin corpse.
Casting: Wereblood (safe; 14% risk of failure)
Confirm with . or Enter, or press ? or * to list all spells.
You grow a pair of large bovine horns.
You howl as the wereblood boils in your veins!
You see here a dart slug corpse.
An adder comes into view.
Found a scroll labelled SIMOJOM SOVVI.
The adder hisses angrily.
You howl as the wereblood boils in your veins!
You hear an angry hiss.
A ball python comes into view.
Your transformation is almost over.
Your primal bloodlust is almost over.
Natasha hisses angrily.
The ball python hisses angrily.
Natasha zaps a wand.
The roots erupt in riotous growth!
The grasping roots grab you! The grasping roots constrict you.
The roots grasp on you weakens, but your attempt to escape fails.
The grasping roots constrict you.
It was a potion of ambrosia.
You are confused.
You feel invigorated.
You howl as the wereblood boils in your veins!
Natasha casts a spell at you. The magic dart hits you!
Ouch! That really hurt!
You die...

###########†.....##
#.....<###.##.
#.............
#.....##...S.? ####
#.....# ...#.. ...#
#....$# ......
##.########.....##S..h..
..........†.†.......##.
##.############.@##.#
##.###### ##.# .......(#
#...g...... ##.######
........g.##. #<#
...........$# ###
............#
#####.......# #.......#
#.......#


You could see Natasha, an adder, a goblin and a ball python.

Vanquished Creatures
  A worm (D:2)
  3 dart slugs
  4 ball pythons
  3 endoplasms (D:1)
  A giant cockroach (D:1)
  8 goblins (D:1)
  5 hobgoblins
  3 jackals (D:1)
  A kobold (D:1)
  A quokka (D:1)
  4 bats (D:1)
  4 frilled lizards
  7 rats
45 creatures vanquished.

Notes
Turn   | Place    | Note
-------+----------+-------------------------------------------
     0 | D:1      | Garessta the Felid Transmuter began the quest for the Orb.
     0 | D:1      | Reached XP level 1. HP: 9/9 MP: 4/4
   290 | D:1      | Reached XP level 2. HP: 12/12 MP: 4/6
   640 | D:1      | Learned a level 2 spell: Wereblood
  1014 | D:1      | Reached XP level 3. HP: 16/16 MP: 4/7
  1493 | D:2      | Noticed Natasha
  1521 | D:2      | Killed from afar by Natasha

Illustrated notes

Levels and vault maps discovered:
D:1:      lightli_arrival_windingriver, layout_basic, minmay_hexomino_u4
D:2:      layout_basic, uniq_natasha

Skill      XL: |  1  2 |
---------------+-------+-----
Fighting       | 2 |  2.6
Dodging        | |  2.6
Unarmed Combat | |  3.9
Spellcasting   | |  2.0
Transmutations | |  2.1

Action                   || total
-------------------------++-------
Melee: Unarmed           ||    90
       Headbutt          ||    22
       Bite              ||     7
       Punch             ||     4
 Cast: Beastly Appendage ||    29
       Wereblood         ||     5
  Use: Potion            ||     1
 Stab: Sleeping          ||     1
Armor: Skin              ||     2
Dodge: Dodged            ||    55

Table legend: (Time is in decaauts)
 A = Elapsed time spent in this place.
 B = Non-inter-level travel time spent in this place.
 C = Inter-level travel time spent in this place.
 D = Time resting spent in this place.
 E = Time spent auto-exploring this place.
 F = Levels seen in this place.
 G = Mean time per level.
                   A        B        C        D        E       F      G
               +--------+--------+--------+--------+--------+-----+--------+
         Total |   1384 |   1371 |     13 |      9 |   1071 |   2 |  692.0 |
       Dungeon |   1384 |   1371 |     13 |      9 |   1071 |   2 |  692.0 |
               +--------+--------+--------+--------+--------+-----+--------+

Top non-repeatable levels by time:
     D:1: 1221 daAuts
     D:2: 163 daAuts
